 Dungeon Crawl Stone Soup version 0.31.0-1-g2c135a0 (webtiles) character file.

Game seed: 9256118901734832968

4776 okoreano the Fighter (level 10, -10/72 HPs)
             Began as an Octopode Shapeshifter on Apr 10, 2024.
             Was an Initiate of Gozag.
             Mangled by a white ugly thing (15 damage)
             ... on level 9 of the Dungeon.
             The game lasted 00:23:44 (10702 turns).

okoreano the Fighter (Octopode Shapeshifter)       Turns: 10702, Time: 00:23:46

Health: -10/72     AC:  1    Str: 18    XL:     10   Next: 47%
Magic:  0/10       EV: 19    Int: 12    God:    Gozag
Gold:   702        SH:  0    Dex: 12    Spells: 9/9 levels left

rFire   . .          .
                       - Unarmed
rCold   + . .        r - melded +2 buckler
rNeg    . . .        (helmet restricted)
rPois   .            d - amulet of guardian spirit
rElec   .            o - ring of protection from cold
rCorr   .            (no ring)
SInv    .            (no ring)
Will    .....        (no ring)
Stlth   +            (no ring)
HPRegen 0.32/turn    (no ring)
MPRegen 0.12/turn    (no ring)
                     (no ring)

%: guardian spirit
@: flux-form, glowing
A: glow, contaminating, almost no armour, amphibious, 8 rings, camouflage 1,
gelatinous body 1, (nimble swimmer 1), tentacles
a: Begin Untransformation, Renounce Religion, Potion Petition, Call Merchant,
Bribe Branch


You were on level 9 of the Dungeon.
You worshipped Gozag.
Gozag was pleased with you.
You were something dangerously unstable.
You visited 2 branches of the dungeon, and saw 10 of its levels.

You collected 938 gold pieces.
You spent 112 gold pieces at shops.
You paid 124 gold pieces to Gozag.

Inventory:

Armour
 r - a +2 buckler (melded)
Jewellery
 d - an amulet of guardian spirit (around mantle)
 k - an amulet of reflection
 o - a ring of protection from cold (left tentacle)
Talismans
 b - a beast talisman
 c - a flux talisman (active)
 l - a maw talisman
Wands
 u - a wand of flame (24)
Scrolls
 a - 2 scrolls of revelation
 f - a scroll of vulnerability
 q - 2 scrolls of teleportation
 y - a scroll of immolation
Potions
 e - a potion of degeneration
 g - a potion of magic
 h - a potion of enlightenment
 i - a potion of brilliance
 j - a potion of mutation
 m - 3 potions of curing
 n - 2 potions of ambrosia
 p - a potion of cancellation {unknown}
 t - a potion of berserk rage {unknown}
 v - a potion of invisibility {unknown}
 x - a potion of might {unknown}
 z - a potion of attraction {unknown}


   Skills:
 - Level 8.0 Fighting
 - Level 6.0 Dodging
 + Level 4.9 Shields
 - Level 8.0 Unarmed Combat
 * Level 7.3 Shapeshifting


You had 9 spell levels left.
You didn't know any spells.
Your spell library contained the following spells:

 Spells                   Type           Power      Damage    Failure   Level
 Blink                    Tloc           0%         N/A       45%         2
 Jinxbite                 Hex            0%         N/A       45%         2
 Lesser Beckoning         Tloc           0%         N/A       45%         2
 Momentum Strike          Conj/Tloc      0%         3d8       45%         2
 Scorch                   Fire           0%         2d5       45%         2
 Static Discharge         Conj/Air       0%         3-3/arc   45%         2
 Dazzling Flash           Conj/Hex       0%         N/A       69%         3
 Mephitic Cloud           Conj/Alch/Air  0%         N/A       69%         3
 Airstrike                Air            0%         2d(0-16)  97%         4
 Flame Wave               Conj/Fire      0%         2d4       97%         4
 Summon Lightning Spire   Summ/Air       0%         N/A       97%         4
 Curse of Agony           Necr           0%         N/A       100%        5
 Silence                  Hex/Air        0%         N/A       100%        5
 Yara's Violent Unravell  Hex/Alch       0%         3d3       100%        5
 Summon Cactus Giant      Summ           0%         N/A       100%        6
 Enfeeble                 Hex            0%         N/A       100%        7


Dungeon Overview and Level Annotations

Branches:
Dungeon (9/15)             Temple (1/1) D:7            Lair (0/5) D:9
    Orc: D:9-12

Altars:
Ashenzari
Cheibriados
Dithmenos
Elyvilon
Fedhas
Gozag
Kikubaaqudgha
Makhleb
Nemelex Xobeh
Okawaru
Qazlal
Ru
Sif Muna
Uskayaw
Vehumet
Wu Jian
Xom
Yredelemnul
Zin
The Shining One

Shops:
D:9 ?*

Annotations:
D:3 2 runed translucent doors, Sarlacc's ghost, amateur MiBe


Innate Abilities, Weirdness & Mutations

You are something dangerously unstable.
You glow with magical radiation, making you easy to see and hit.
Foes you strike become dangerously contaminated with magical radiation.
You are incapable of wielding weapons or throwing items.
You cannot wear most types of armour.
You are amphibious.
You can wear up to eight rings at the same time.
Your skin changes colour to match your surroundings (Stealth+).
Your rubbery body absorbs attacks. (AC +1, EV +1)
((You are camouflaged when in or above water. (Stealth+)))
You have tentacles for arms and can constrict up to eight enemies at once.


Message History

Press: ? - help, Dir - move target You lose your grip on the white ugly thing.
As you read the scroll of blinking, it crumbles to dust.
Things that are here:
a +0 mace; a +0 plate armour; a +0 spear You feel yourself speed up.
You see here a +0 halberd.
A white ugly thing is nearby!
The white ugly thing stops glowing.
Okay, then.
Okay, then.
A white ugly thing is nearby!
A white ugly thing is nearby!
As you read the scroll of fear, it crumbles to dust.
You assume a fearsome visage.
The hornet looks frightened!
The white ugly thing looks frightened!
Found a stone staircase leading up.
There is a stone staircase leading up here.
You start resting.
A white ugly thing is nearby!
You bludgeon the white ugly thing!
The white ugly thing begins to glow.
You grab the white ugly thing.
The white ugly thing is severely wounded.
You constrict the white ugly thing. The white ugly thing headbutts you.
* * * LOW HITPOINT WARNING * * *
The white ugly thing freezes you! You resist.
* * * LOW HITPOINT WARNING * * *
You completely miss the white ugly thing.
You squeeze the white ugly thing.
The white ugly thing is severely wounded.
You constrict the white ugly thing. The white ugly thing barely misses you.
Okay, then.
Okay, then.
You bludgeon the white ugly thing!
The white ugly thing glows dangerously bright.
You squeeze the white ugly thing.
The white ugly thing is almost dead.
You constrict the white ugly thing. The white ugly thing headbutts you!
You die...
Your body crumbles into a pile of gold.

#...∩............#
#####.#8.8.......#..##
#...yu...#.........##
#.######.####......##
#.######.#########..###
#..
#u#....#.##.......#..##
#....
#.#.##.#.##.#####.##.##
#....# #y#...<#.##
#.##..# #....#
#)#..#p#..# #......
#....# #)#..#u##.#
#####..
#....###)#..#....# ###
#.......).......## #
####...........?...'.
........$..........###
###
.......u...........#
...
......y............#
...
...................#
...


You could see a white ugly thing (heavy contam).

Vanquished Creatures
  A cyclops (D:8)
  Sigmund (D:3)
  A wyvern (D:7)
  An acid dragon (D:9)
  4 water moccasins
  Duvessa (D:4)
  3 orc warriors
  An ice beast (D:5)
  A sky beast (D:7)
  2 black bears
  A centaur (D:9)
  2 ogres
  3 phantoms
  5 bullfrogs
  3 gnoll sergeants
  A scorpion (D:5)
  4 wights (D:8)
  Dowan (D:4)
  6 killer bees
  2 bombardier beetles
  2 jellies
  6 orc priests
  A gnoll bouda (D:7)
  3 hounds
  4 sleepcaps
  3 iguanas
  11 orc wizards
  20 gnolls
  2 adders
  2 shadow imps
  2 white imps
  3 ribbon worms
  4 dart slugs
  38 orcs
  12 ball pythons
  9 bats
  7 endoplasms
  5 giant cockroaches
  8 goblins
  8 hobgoblins
  7 jackals
  5 quokkas
  3 frilled lizards
  8 kobolds
  4 rats
221 creatures vanquished.

Notes
Turn   | Place    | Note
-------+----------+-------------------------------------------
     0 | D:1      | okoreano the Octopode Shapeshifter began the quest for the
                  | Orb.
     0 | D:1      | Reached XP level 1. HP: 13/13 MP: 1/1
   267 | D:1      | Reached XP level 2. HP: 17/18 MP: 2/2
   357 | D:1      | Found a faded altar of an unknown god.
   424 | D:1      | Reached XP level 3. HP: 24/24 MP: 0/3
  1414 | D:2      | Reached XP level 4. HP: 23/30 MP: 2/4
  1986 | D:3      | Identified the +10 short sword of Jocular Tender Mercy
                  | {flame, Str+2 Dex+4}
  2140 | D:3      | Noticed Sigmund
  2177 | D:3      | Killed Sigmund
  2178 | D:3      | Reached XP level 5. HP: 23/37 MP: 2/5
  2178 | D:3      | Reached XP level 6. HP: 27/43 MP: 2/6
  2904 | D:3      | Found a runed translucent door.
  2914 | D:3      | Noticed Sarlacc's ghost (amateur MiBe)
  3000 | D:3      | Found a runed translucent door.
  3085 | D:4      | Noticed Duvessa
  3086 | D:4      | Noticed Dowan
  3194 | D:4      | HP: 1/44 [orc/+0 short sword (3)]
  3545 | D:4      | Reached skill level 5 in Fighting
  3545 | D:4      | Reached XP level 7. HP: 39/50 MP: 5/7
  3747 | D:4      | Found a shadowy altar of Dithmenos.
  3889 | D:4      | Killed Duvessa
  3890 | D:4      | Reached skill level 5 in Unarmed Combat
  3909 | D:4      | Killed Dowan
  4287 | D:4      | Reached XP level 8. HP: 41/57 MP: 4/8
  4451 | D:4      | Found an ancient bone altar of Kikubaaqudgha.
  4837 | D:5      | Entered Level 5 of the Dungeon
  5058 | D:5      | Reached skill level 5 in Dodging
  5816 | D:5      | Identified the +1 robe of Ifruin {rElec Int+3}
  6377 | D:6      | Reached XP level 9. HP: 60/66 MP: 6/9
  7003 | D:6      | Found a white marble altar of Elyvilon.
  7968 | D:7      | Reached skill level 1 in Shields
  8101 | D:7      | Found a staircase to the Ecumenical Temple.
  8107 | Temple   | Entered the Ecumenical Temple
  8116 | Temple   | Became a worshipper of Gozag Ym Sagoz the Greedy
  8163 | D:7      | Found an iron altar of Okawaru.
  8860 | D:8      | Reached skill level 5 in Shapeshifting
  8985 | D:8      | Reached XP level 10. HP: 40/72 MP: 5/10
  9382 | D:8      | Noticed a cyclops
  9402 | D:8      | Killed a cyclops
  9597 | D:8      | Found a snail-covered altar of Cheibriados.
  9597 | D:8      | Found a basalt altar of Yredelemnul.
  9916 | D:9      | Found a staircase to the Lair.
  9970 | D:9      | Found Bebionn's Demolitions Depot.
  9992 | D:9      | Found Daoqy's Magic Scroll Emporium.
 10012 | D:9      | Bought a scroll of blinking for 112 gold pieces
 10641 | D:9      | Noticed a cyan ugly thing
 10702 | D:9      | Mangled by a white ugly thing

Illustrated notes

Levels and vault maps discovered:
D:1:      spicycebolla_green_bress_n_ham_2, layout_basic,
          chequers_ecumenical_altar_simple, minmay_misc_feat_room
D:2:      minmay_spotlight, layout_basic, serial_bayou_crossing
D:3:      layout_basic, ebering_ghost_sewer_f, kennysheep_generic_room_11,
          uniq_sigmund
D:4:      layout_layer_cave, lemuel_crystal_altar,
          mainiacjoe_overflow_surrounded_room, uniq_duvessa
D:5:      minmay_inner_zag, layout_loops_ring
D:6:      layout_layer_cave, mainiacjoe_overflow_tiny_flanked
D:7:      layout_basic, mainiacjoe_overflow_small_starburst,
          minmay_temple_entry_grid
D:8:      layout_rooms, amethyst_overflow_temple_binary
D:9:      layout_basic, lair_entry_dummy, serial_shops,
          nicolae_shop_tiny_statue_garden, nicolae_blasting_shop
Temple:   nicolae_temple_ecumenical_triangle

Skill      XL: |  1  2  3  4  5  6  7  8  9 10 |
---------------+-------------------------------+-----
Fighting       | 2 4 5 6 7 8 |  8.0
Dodging        | 3 4 5 6 |  6.0
Unarmed Combat | 4 5 6 8 |  8.0
Shields        | 3 4 |  4.9
Shapeshifting  | 5 7 |  7.3

Action                     |  1- 3 |  4- 6 |  7- 9 | 10-12 || total
---------------------------+-------+-------+-------+-------++-------
  Melee: Unarmed           |    75 |    97 |   315 |   112 ||   599
         Tentacles         |    18 |    21 |    52 |    23 ||   114
         Constrict         |    18 |    30 |    59 |    28 ||   135
         Punch             |     1 |     2 |    12 |     7 ||    22
Ability: Begin Untransform |       |       |       |     1 ||     1
    Use: Scroll            |     6 |     4 |     6 |     7 ||    23
         Potion            |       |     1 |     3 |       ||     4
   Stab: Sleeping          |     7 |     8 |     6 |     2 ||    23
 Armour: Skin              |    20 |    38 |   171 |    46 ||   275
  Dodge: Dodged            |    36 |    42 |   118 |    74 ||   270
  Block: Buckler           |       |       |    39 |    17 ||    56
   Form: Flux              |       |       |       |     1 ||     1
